 Dungeon Crawl Stone Soup version bcrawl-1.17.3 (webtiles) character file.

Game seed: 6332001560974806476

48 Chiseanne the Skirmisher (level 3, -3/29 HPs)
             Began as a Mummy Archaeologist on Oct 25, 2019.
             Slain by a leopard gecko (4 damage)
             ... on level 2 of the Dungeon.
             The game lasted 00:02:09 (1330 turns).

Chiseanne the Skirmisher (Mummy Archaeologist)      Turns: 1330, Time: 00:02:09

Health: -3/29      AC: 12    Str: 14    XL:     3   Next: 50%
Magic:  3/3        EV:  6    Int: 14    God:
Gold:   114        SH:  0    Dex: 10    Spells: 2/2 levels left

rFire    x . .     SeeInvis .   l - +0 broad axe
rCold    + . .     Gourm    .   (no shield)
rNeg     + + +     Faith    .   h - +0 chain mail
rPois    ∞         Spirit   .   c - +1 hat
rElec    .         Reflect  .   o - +0 cloak
rCorr    .         Harm     .   (no gloves)
MR       .....     Clarity  +   d - +1 pair of boots
Stlth    ..........             (no amulet)
HPRegen  0.09/turn              (no ring)
MPRegen  0.08/turn              (no ring)

@: studying Shields
A: no food or potions, fire vulnerability, clarity, cold resistance 1, negative
energy resistance 3, torment resistance, unbreathing
a: no special abilities


You were on level 2 of the Dungeon.
You were not hungry.

You visited 1 branch of the dungeon, and saw 2 of its levels.

You collected 114 gold pieces.

Inventory:

Hand Weapons
 j - a +0 hunting sling
 l - a +0 broad axe (weapon)
Missiles
 g - 159 arrows
 i - 343 stones (quivered)
 k - 78 sling bullets
Armour
 c - a +1 hat (worn)
 d - a +1 pair of boots (worn)
 h - a +0 chain mail (worn)
 o - a +0 cloak (worn)
Scrolls
 b - a scroll of fog {unknown}
 m - a scroll of teleportation {unknown}
Books
 e - a manual of Shields
Miscellaneous
 f - an ancient crate


   Skills:
 - Level 3.0 Fighting
   Level 0.7 Maces & Flails
 - Level 2.4 Dodging
 - Level 2.6 Stealth
 + Level 1.7 Shields


You had 2 spell levels left.
You didn't know any spells.
Your spell library was empty.

Dungeon Overview and Level Annotations

Branches:
Dungeon (2/12)

Altars:


Innate Abilities, Weirdness & Mutations

You do not eat or drink.
Your flesh is vulnerable to fire.
You are immune to poison.
You possess an exceptional clarity of mind.
Your flesh is cold resistant. (rC+)
You are immune to negative energy. (rN+++)
You are immune to unholy pain and torment.
You can survive without breathing.


Message History

* * * LOW HITPOINT WARNING * * *
The leopard gecko bites you.
* * * LOW HITPOINT WARNING * * *
You barely miss the leopard gecko.
The leopard gecko is heavily wounded.
The leopard gecko bites you but does no damage.
The leopard gecko bites you.
* * * LOW HITPOINT WARNING * * *
You barely miss the leopard gecko.
The leopard gecko is heavily wounded.
The leopard gecko bites you but does no damage.
The leopard gecko closely misses you.
You closely miss the leopard gecko.
The leopard gecko is heavily wounded.
The leopard gecko barely misses you.
The leopard gecko bites you but does no damage.
You miss the leopard gecko.
The leopard gecko is heavily wounded.
The leopard gecko barely misses you. The leopard gecko bites you.
You die...

...#####...........#
......##.........##
#..............##
#.#....#.........
#."....#######...
#......# ##.....
##......# #......
#.######..#..............
......(l@##....#####.....
......#####....# #.....
..... #....# #..... ....
...... ##...!. ... ..##
....... .. ##..... .
#..... #..... #.....


You could see a leopard gecko.

Vanquished Creatures
  A worm (D:2)
  A dart slug (D:1)
  A leopard gecko (D:1)
  2 giant cockroaches
  4 goblins (D:1)
  8 hobgoblins
  6 kobolds
  2 quokkas (D:2)
  7 bats (D:1)
  3 frilled lizards (D:1)
  4 rats
39 creatures vanquished.

Notes
Turn   | Place    | Note
-------+----------+-------------------------------------------
     0 | D:1      | Chiseanne the Mummy Archaeologist began the quest for the
                  | Orb.
     0 | D:1      | Reached XP level 1. HP: 15/15 MP: 1/1
   308 | D:1      | Reached skill level 2 in Fighting
   335 | D:1      | Reached XP level 2. HP: 22/22 MP: 2/2
   604 | D:1      | Reached skill level 3 in Fighting
   730 | D:1      | Reached XP level 3. HP: 29/29 MP: 3/3
  1038 | D:2      | Reached skill level 1 in Shields
  1326 | D:2      | HP: 1/29 [leopard gecko (1)]
  1330 | D:2      | Slain by a leopard gecko

Skill      XL: |  1  2  3 |
---------------+----------+-----
Fighting       | 2 3 |  3.0
Shields        | 1 |  1.7
Maces & Flails | |  0.7
Dodging        | |  2.4
Stealth        | |  2.6

Action                   || total
-------------------------++-------
Melee: Whip              ||    23
       Short sword       ||   125
       Broad axe         ||    71
  Use: Scroll            ||     1
Armor: Robe              ||    25
       Chain mail        ||   237
Dodge: Dodged            ||   131
